 Dungeon Crawl Stone Soup version 0.19.1 (webtiles) character file.

603 Lilleppy the Skirmisher (level 7, -1/58 HPs)
             Began as a Human Wanderer on Dec 12, 2016.
             Slain by Edmund
             ... wielding a +2 flail of protection
              (7 damage)
             ... on level 4 of the Dungeon.
             The game lasted 00:07:34 (2630 turns).

Lilleppy the Skirmisher (Human Wanderer)            Turns: 2630, Time: 00:07:35

Health: -1/58      AC:  9    Str: 17    XL:     7   Next: 70%
Magic:  7/7        EV: 14    Int: 19    God:
Gold:   126        SH:  9    Dex: 24    Spells: 0 memorised, 6 levels left

rFire  + . .     SeeInvis +     f - +1 hand axe (freeze)
rCold  + . .     Gourm    .     c - +0 ring mail
rNeg   . . .     Faith    .     v - +0 shield
rPois  +         Spirit   .     E - +2 helmet
rElec  +         Reflect  .     (no cloak)
rCorr  +         Harm     .     (no gloves)
MR     .....                    (no boots)
Stlth  +++.......               g - amulet of regeneration
                                i - +6 ring of dexterity
                                h - ring of see invisible

@: mighty, brilliant, agile, resistant, flying, very slightly contaminated,
invisible
A: no striking features
a: no special abilities


You were on level 4 of the Dungeon.
You were near starving.

You visited 1 branch of the dungeon, and saw 4 of its levels.

You collected 126 gold pieces.

Inventory:

Hand Weapons
 a - a +2 hand axe
 f - a +1 hand axe of freezing (weapon)
 z - a +2 trident of freezing
Armour
 c - a +0 ring mail (worn)
 v - a +0 shield (worn)
 E - a +2 helmet (worn)
Jewellery
 g - an amulet of regeneration (around neck)
 h - a ring of see invisible (left hand)
 i - a +6 ring of dexterity (right hand)
 s - an uncursed ring of poison resistance {unknown}
Wands
 y - a wand of confusion (17/48)
 B - a wand of slowing (21/48)
Scrolls
 e - 4 scrolls of amnesia {unknown}
 j - 5 scrolls of identify {unknown}
 l - a scroll of remove curse {unknown}
 m - 3 scrolls of teleportation {unknown}
 q - a scroll of immolation {unknown}
 t - a scroll of random uselessness {unknown}
 u - a scroll of blinking {unknown}
 A - a scroll of enchant weapon {unknown}
Potions
 k - a potion of might
 w - a potion of agility
 x - 2 potions of flight
Comestibles
 d - 3 bread rations
 o - 3 fruits
 p - a beef jerky


   Skills:
 + Level 6.2 Fighting
 + Level 4.6 Axes
 + Level 3.9 Armour
 + Level 1.7 Dodging
 + Level 1.7 Stealth
 + Level 2.0 Shields
 + Level 1.0 Evocations


You had 6 spell levels left.
You didn't know any spells.

Dungeon Overview and Level Annotations

Branches:
Dungeon (4/15)
 Temple: D:4-7

Altars:
Cheibriados
Nemelex Xobeh

Shops:
D:4 }

Annotations:
D:4 Edmund


Message History

The worker ant is heavily wounded.
You hit Edmund. You freeze Edmund.
Edmund zaps a wand.
Nothing appears to happen.
The worker ant twitches its antennae in your direction.
You hit Edmund but do no damage.
Edmund is lightly wounded.
You block Edmund's attack.
You strike the helpless Edmund from behind!
You slash Edmund! You freeze Edmund.
Edmund is moderately wounded.
Edmund hits you with a flail of protection.
* * * LOW HITPOINT WARNING * * *
You catch the helpless Edmund completely off-guard!
You hit Edmund but do no damage.
Edmund is moderately wounded.
The worker ant twitches its antennae in your direction.
You hit Edmund. You freeze Edmund.
Edmund is heavily wounded.
Edmund hits you with a flail of protection!
You die...

########.......#.
##########....##.#
.................#
............######
................
............####
............#
.......[....#
.......@@..a#
............#
#......#.####
#.......=...#
#...........#
#.............
#...........#...
############# .. .


You could see Edmund and a worker ant (wandering).

Vanquished Creatures
  2 ogres (D:4)
  A scorpion (D:3)
  2 hounds
  Jessica (D:3)
  Ijyb (D:2)
  3 worker ants (D:4)
  A hound skeleton (D:4)
  Robin (D:3)
  3 gnolls (D:4)
  4 adders
  3 oozes (D:3)
  3 worms
  A dart slug (D:2)
  A leopard gecko (D:2)
  3 orcs (D:3)
  2 giant cockroaches
  11 hobgoblins
  11 jackals
  5 kobolds
  3 quokkas (D:2)
  A ball python (D:4)
  9 bats
  6 frilled lizards
  15 goblins
  A leopard gecko zombie (D:3)
  3 rats
97 creatures vanquished.

Notes
Turn   | Place    | Note
-------+----------+-------------------------------------------
     0 | D:1      | Lilleppy the Human Wanderer began the quest for the Orb.
     0 | D:1      | Lilleppy set off with: a +2 hand axe, a potion of curing, a +0 ring mail, a bread ration
     0 | D:1      | Reached XP level 1. HP: 21/21 MP: 1/1
   188 | D:1      | Reached XP level 2. HP: 27/27 MP: 2/2
   527 | D:2      | Reached XP level 3. HP: 31/33 MP: 3/3
   552 | D:2      | Found a snail-covered altar of Cheibriados.
   721 | D:2      | Noticed Ijyb
   744 | D:2      | Killed Ijyb
   744 | D:2      | Reached XP level 4. HP: 30/40 MP: 4/4
  1395 | D:3      | Reached XP level 5. HP: 46/46 MP: 5/5
  1398 | D:3      | Noticed Jessica
  1410 | D:3      | Killed Jessica
  1703 | D:3      | Reached skill level 1 in Dodging
  1732 | D:3      | Found a sparkling altar of Nemelex Xobeh.
  1787 | D:3      | Reached XP level 6. HP: 52/52 MP: 6/6
  1791 | D:3      | Noticed Robin
  1800 | D:3      | Killed Robin
  1958 | D:3      | Reached skill level 6 in Fighting
  1958 | D:3      | Reached skill level 1 in Shields
  2265 | D:4      | Noticed an ogre
  2318 | D:4      | Killed an ogre
  2318 | D:4      | Reached XP level 7. HP: 17/58 MP: 7/7
  2541 | D:4      | Found Nogroxu's Gadget Shoppe.
  2605 | D:4      | Noticed Edmund
  2620 | D:4      | HP: 2/58 [worker ant (3)]
  2630 | D:4      | Slain by Edmund

Skill      XL: |  1  2  3  4  5  6  7 |
---------------+----------------------+-----
Axes           | 2 3 4 |  4.6
Dodging        | 1 |  1.7
Armour         | 3 |  3.9
Fighting       | 6 |  6.2
Shields        | 1 2 |  2.0
Stealth        | |  1.7
Evocations     | |  1.0

Action                   |  1- 3 |  4- 6 |  7- 9 || total
-------------------------+-------+-------+-------++-------
Melee: Hand axe          |    83 |   180 |    43 ||   306
  Use: Potion            |       |     1 |     7 ||     8
 Stab: Distracted        |     1 |       |       ||     1
       Sleeping          |     1 |     2 |       ||     3
       Invisible         |       |       |     2 ||     2
  Eat: Bread ration      |       |     1 |       ||     1
Armor: Ring mail         |    54 |   107 |    25 ||   186
Dodge: Dodged            |    49 |    79 |    30 ||   158
Block: Shield            |       |    69 |    18 ||    87
